 Dungeon Sprint DCSS version 0.17-a0-1450-g7e755d1 (webtiles) character file.

861 hexophile the Covert (level 8, -2/85 HPs)
             Began as a Naga Assassin on June 30, 2015.
             Was a Believer of Cheibriados.
             Slain by a troll (8 damage)
             ... in the Dungeon (Sprint IX: "|||||||||||||||||||||||||||||").
             The game lasted 00:03:07 (295 turns).

hexophile the Covert (Naga Assassin)                 Turns: 295, Time: 00:03:07

Health: -2/85      AC:  6    Str: 19    XL:     8   Next: 2%
Magic:  8/8        EV: 16    Int: 19    God:    Cheibriados [**....]
Gold:   0          SH:  0    Dex: 20    Spells: 0 memorised, 7 levels left

rFire  . . .     SeeInvis +     a - +2 dagger
rCold  . . .     Clarity  .     c - +0 robe
rNeg   . . .     SustAt   .     (no shield)
rPois  +         Gourm    .     t - +0 helmet
rElec  .         Spirit   .     d - +0 cloak
rCorr  .         Warding  .     (no gloves)
rMut   .         NoTele   +     (no barding)
MR     +....                    (no amulet)
Stlth  ++++++....               (no ring)
                                (no ring)

@: very slow, somewhat resistant to hostile enchantments, very stealthy
A: see invisible, deformed body, poison resistance, slowness 2, slow metabolism
1, spit poison 2, AC +2
a: Spit Poison, Bend Time, Renounce Religion


You were in the Dungeon.
You worshipped Cheibriados.
Cheibriados was pleased with you.
You were not hungry.

You visited 1 branch

Inventory:

Hand weapons
 a - a +2 dagger (weapon)
 b - a +0 blowgun
 v - a +2 rapier of draining
Missiles
 e - 8 poisoned needles
 f - 2 curare-tipped needles
Armour
 c - a +0 robe (worn)
 d - a +0 cloak (worn)
 t - a +0 helmet (worn)
 u - a +1 chain mail
Jewellery
 r - a +2 ring of evasion
 s - a +3 ring of dexterity
Magical devices
 q - a wand of cold (2)
Scrolls
 m - 2 scrolls of blinking
 o - 3 scrolls of remove curse
 p - 2 scrolls of amnesia
Potions
 h - a potion of invisibility
 j - a potion of haste
 k - 4 potions of magic
 l - a potion of berserk rage
 n - 4 potions of curing
Comestibles
 g - a bread ration


   Skills:
 * Level 9.2 Fighting
 + Level 6.9 Short Blades
 - Level 1.7 Throwing
 + Level 5.4 Armour
 * Level 7.4 Dodging
 + Level 11.6 Stealth


You had 7 spell levels left.
You didn't know any spells.

Dungeon Overview and Level Annotations

Branches:
Dungeon (1/1)

Altars:
Cheibriados
Dithmenos
Elyvilon
Fedhas
Gozag
Kikubaaqudgha
Makhleb
Nemelex Xobeh
Okawaru
Qazlal
Ru
Sif Muna
Trog
Vehumet
Xom
Yredelemnul
Zin
The Shining One
Beogh
Jiyva
Lugonu


Innate Abilities, Weirdness & Mutations

You cannot wear boots.
Your serpentine skin is tough (AC +2).
You have supernaturally acute eyesight.
Armour fits poorly on your strangely shaped body.
Your system is resistant to poisons.
You cover ground very slowly.
You have a slow metabolism.
You can spit poison.


Message History

Drink which item? (? for menu, Esc to quit)
You feel much better. The troll closely misses you.
The troll barely misses you. The troll claws you but does no damage.
You barely miss the troll.
The troll is moderately wounded.
Evoke which item? (* to show all) (? for menu, Esc to quit)
Zapping:
q - a wand of cold (3)
Press: ? - help, Shift-Dir - straight line, f/p - troll
Aim: a troll (moderately wounded)
The bolt of cold hits the troll.
The troll is almost dead.
This wand has 2 charges left.
The troll closely misses you. The troll claws you but does no damage.
The troll claws you!
* * * LOW HITPOINT WARNING * * *
You hit the troll.
The troll is almost dead.
The troll bites you.
* * * LOW HITPOINT WARNING * * *
The troll claws you!
You die...

▓.▓
▓.▓
▓|▓
▓)▓
▓[▓
▓.▓
▓.▓
▓.▓
▓@▓
▓T▓
▓†▓
▓)▓
▓)▓
▓.▓
▓.▓
▓.▓
▓+▓


You could see a troll.

Vanquished Creatures
  A hill giant (D)
  A troll (D)
  A yak (D)
  A scorpion (D)
  An orc (D)
  2 bats (D)
  A bat zombie (D)
  2 goblins (D)
  A hobgoblin (D)
  A kobold (D)
  A giant cockroach (D)
  A giant newt (D)
  A rat (D)
15 creatures vanquished.

Notes
Turn   | Place    | Note
--------------------------------------------------------------
     0 | D        | hexophile the Naga Assassin began the quest for the Orb.
     0 | D        | Reached XP level 1. HP: 19/19 MP: 1/1
     6 | D        | Reached skill level 1 in Dodging
     6 | D        | Reached skill level 6 in Stealth
   128 | D        | Noticed a scorpion
   143 | D        | Killed a scorpion
   143 | D        | Reached skill level 7 in Stealth
   143 | D        | Reached XP level 2. HP: 24/30 MP: 2/2
   143 | D        | Reached XP level 3. HP: 28/36 MP: 3/3
   152 | D        | Reached XP level 4. HP: 30/44 MP: 4/4
   170 | D        | Found a glowing silver altar of Zin.
   170 | D        | Found a glowing golden altar of the Shining One.
   170 | D        | Found an ancient bone altar of Kikubaaqudgha.
   170 | D        | Found a basalt altar of Yredelemnul.
   170 | D        | Found a shimmering altar of Xom.
   170 | D        | Found a radiant altar of Vehumet.
   171 | D        | Found an iron altar of Okawaru.
   172 | D        | Found a burning altar of Makhleb.
   173 | D        | Found a deep blue altar of Sif Muna.
   174 | D        | Found a bloodstained altar of Trog.
   175 | D        | Found a sparkling altar of Nemelex Xobeh.
   176 | D        | Found a white marble altar of Elyvilon.
   177 | D        | Found a roughly hewn altar of Beogh.
   178 | D        | Found a viscous altar of Jiyva.
   179 | D        | Found a corrupted altar of Lugonu.
   180 | D        | Found a blossoming altar of Fedhas.
   181 | D        | Found a snail-covered altar of Cheibriados.
   182 | D        | Found a shadowy altar of Dithmenos.
   183 | D        | Found a stormy altar of Qazlal.
   184 | D        | Found an opulent altar of Gozag.
   185 | D        | Found a sacrificial altar of Ru.
   197 | D        | Became a worshipper of Cheibriados the Contemplative
   260 | D        | Noticed a yak
   260 | D        | Noticed a troll
   260 | D        | Noticed a hill giant
   260 | D        | Noticed a troll
   262 | D        | Acquired Cheibriados's first power
   265 | D        | Killed a yak
   265 | D        | Reached skill level 5 in Short Blades
   265 | D        | Reached skill level 9 in Stealth
   265 | D        | Reached XP level 5. HP: 35/55 MP: 5/5
   265 | D        | Killed a troll
   265 | D        | Reached skill level 10 in Stealth
   265 | D        | Reached XP level 6. HP: 40/67 MP: 6/6
   275 | D        | Killed a hill giant
   275 | D        | Reached skill level 5 in Armour
   275 | D        | Reached skill level 11 in Stealth
   275 | D        | Reached XP level 7. HP: 46/76 MP: 7/7
   275 | D        | Reached XP level 8. HP: 51/85 MP: 8/8
   295 | D        | Slain by a troll

Vault maps used:
D:        linesprint

Action                   |  1- 3 |  4- 6 |  7- 9 || total
-------------------------+-------+-------+-------++-------
Melee: Dagger            |    26 |    20 |    17 ||    63
 Abil: Spit Poison       |     2 |       |       ||     2
Evoke: Wand              |       |     4 |     1 ||     5
  Use: Potion            |     2 |       |     2 ||     4
 Stab: Sleeping          |     3 |       |       ||     3
